Map: Kairos Junction LE

Players

Reynor - Winner!

  • Race: Zerg Zerg
  • Spawn Location: 5:00

HolyHit

  • Race: Protoss Protoss
  • Spawn Location: 11:00

Event: 2019 WCS Spring

VOD

Have the link to the VOD?

Description

Time

  • Played on: May 17, 2019, 9:25 a.m.
  • Length: 3:56

All games in this series

Show
View Real Time Build Order
Export as new Build Order

Reynor Zerg - Winner!

Build Orders: Hatch First 

Get SALT Encoding   

  12  0:00  Drone  
  13  0:12  Overlord  
  13  0:17  Drone  
  14  0:30  Drone x2  
  16  0:48  Hatchery  
  15  0:52  Drone  
  15  0:55  Drone  
  17  0:59  Drone  
  18  1:09  Extractor  
  17  1:15  Spawning Pool  
  17  1:17  Drone  
  17  1:21  Drone  
  18  1:27  Drone  
  19  1:38  Overlord  
  19  2:02  Queen x2, Zergling x6  
  26  2:09  Metabolic Boost  
  26  2:11  Zergling x2  
  26  2:14  Zergling x2  
  28  2:21  Zergling x2  
  30  2:22  Zergling x2  
  30  2:44  Zergling x6  
  30  2:45  Zergling x2  
  30  2:51  Hatchery  
  33  2:57  Zergling x4  
  35  3:04  Overlord  
  34  3:08  Zergling x2  
  34  3:12  Zergling x2  
  35  3:20  Overlord  
  35  3:23  Zergling x6  
  38  3:28  Zergling x4  
  39  3:36  Zergling x4  
Show
View Real Time Build Order
Export as new Build Order

HolyHit Protoss 

Build Orders: 1 Gate Expand 

Get SALT Encoding   

  12  0:00  Probe  
  13  0:12  Probe  
  14  0:18  Pylon  
  14  0:24  Probe  
  15  0:32  Probe  
  15  0:38  Gateway  
  15  0:40  Probe  
  16  0:47  Assimilator  
  17  0:52  Probe  
  18  1:04  Probe  
  19  1:16  Probe  
  20  1:24  Nexus  
  20  1:33  Cybernetics Core  
  20  1:35  Probe  
  21  1:41  Assimilator  
  21  1:47  Probe  
  21  1:51  Pylon  
  22  1:58  Probe  
  23  2:03  Adept  
  23  2:07  Probe  
  23  2:15  Probe  
  26  2:19  Robotics Facility  
  27  2:26  Probe  
  28  2:34  Probe  
  28  2:35  Stalker  
  29  2:38  Probe  
  29  2:42  Probe  
  31  2:50  Probe  
  33  2:52  Probe  
  34  3:02  Probe  
  34  3:05  Pylon  
  38  3:10  Pylon  
  38  3:13  Pylon, Warp Prism  
  37  3:20  Probe  
  37  3:23  Adept  
  40  3:28  Pylon  
  40  3:38  Cybernetics Core  
  37  3:43  Probe  
  37  3:44  Pylon  
Tags
 
Add a new tag
Caveats
  • Supply blocks, unpowered buildings, or Contaminate may cause inaccurate times.
  • Supply counts are checked every 10 seconds.